 Dungeon Crawl Stone Soup version 0.31-a0-174-g85c54bcb58 (webtiles) character file.

Game seed: 975359137046448768

37 qw the Shooter (level 3, 0/22 HPs)
             Began as a Gargoyle Hunter on June 15, 2023.
             Slain by an orc wizard
             ... wielding a +0 dagger
              (2 damage)
             ... on level 2 of the Dungeon.
             The game lasted 00:00:20 (1179 turns).

qw the Shooter (Gargoyle Hunter)                    Turns: 1179, Time: 00:00:21

Health: 0/22       AC:  8    Str: 14    XL:     3   Next: 39%
Magic:  3/3        EV: 10    Int:  9    God:
Gold:   21         SH:  0    Dex: 15    Spells: 2/2 levels left

rFire   . . .        Y - +0 shortbow
rCold   . . .        (shield currently unavailable)
rNeg    + + .        g - +0 ring mail
rPois   inf          (no helmet)
rElec   +            (no cloak)
rCorr   .            (no gloves)
SInv    .            (no boots)
Will    .....        (no amulet)
Stlth   +            d - ring of positive energy
HPRegen 0.23/turn    (no ring)
MPRegen 0.08/turn

%: no passive effects
@: no status effects
A: sickness immunity, AC +3, negative energy resistance 1, electricity
resistance, torment resistance 1, petrification resistance
a: no special abilities


You were on level 2 of the Dungeon.
You visited 1 branch of the dungeon, and saw 2 of its levels.

You collected 21 gold pieces.


Innate Abilities, Weirdness & Mutations

You are immune to sickness and miasma.
Your stone body is resilient. (AC +3)
You are immune to poison.
You resist negative energy. (rN+)
You are resistant to electric shocks. (rElec)
You are resistant to unholy torment.
You are immune to petrification.


   Skills:
 - Level 2.4 Fighting
 - Level 5.0 Ranged Weapons
 + Level 0.4 Armour
 - Level 1.5 Dodging
 - Level 1.1 Stealth


You had 2 spell levels left.
You didn't know any spells.
Your spell library was empty.

Inventory:

Hand Weapons
 Y - a +0 shortbow (weapon)
Armour
 g - a +0 ring mail (worn)
Jewellery
 d - a ring of positive energy (left hand)

Dungeon Overview and Level Annotations

Branches:
Dungeon (2/15)

Altars:


Message History

You shoot an arrow. The orc shouts!
The arrow hits the hobgoblin but does no damage.
Something hits you.
You shoot an arrow. The arrow hits the hobgoblin!
You kill the hobgoblin!
You hear some strange, mumbled words.
You are confused.
Something hits you but does no damage.
An endoplasm comes into view.
You hear some strange, mumbled words.
A puff of flame appears from out of thin air!
The puff of flame hits you!
Ouch! That really hurt!
The endoplasm quivers.
Something hits you but does no damage. The orc hits you with a +0 club.
Something hits you but does no damage. The orc hits you with a +0 club.
Something hits you but does no damage.
You feel less confused.
An endoplasm comes into view.
The orc closely misses you. Something hits you.
You shoot an arrow. The endoplasm quivers.
The arrow hits the orc.
The orc is heavily wounded.
The orc barely misses you. Something hits you but does no damage.
You shoot an arrow.
The arrow hits the orc but does no damage.
The orc is heavily wounded.
The endoplasm jiggles.
The orc closely misses you. Something hits you but does no damage.
The endoplasm freezes you.
You are frozen.
Something hits you but does no damage. The orc hits you but does no damage.
You shoot an arrow.
The arrow hits the orc but does no damage.
The orc is moderately wounded.
The endoplasm barely misses you. The orc hits you with a +0 club.
Something hits you.
You die...

#.........#
#.#######.######
#.#.<...#......#
#.#.#.#.######.#
#.#...#.# #...#
#.#####.# #.###
#.......####'#######
#########..........#
#...@......#
#..J{o.....#
#..........#
#...J......#
....[.......#
..>..........#
..............#
###...........#


You could see an orc and 2 endoplasms.

Vanquished Creatures
  A gnoll (D:1)
  An orc (D:2)
  3 endoplasms (D:1)
  4 goblins (D:1)
  2 hobgoblins
  2 kobolds (D:1)
  2 quokkas (D:1)
  3 ball pythons (D:1)
  2 bats (D:1)
  A frilled lizard (D:1)
  2 rats (D:1)
23 creatures vanquished.

Notes
Turn   | Place    | Note
-------+----------+-------------------------------------------
     0 | D:1      | qw the Gargoyle Hunter began the quest for the Orb.
     0 | D:1      | Reached XP level 1. HP: 12/12 MP: 1/1
     0 | D:1      | 0 ||| qw: Version: 0.2-a-29-g511e9b1
     0 | D:1      | 0 ||| qw: Game counter: 5496
     0 | D:1      | 0 ||| qw: Always use a shield: true
     0 | D:1      | 0 ||| qw: God list: Okawaru
     0 | D:1      | 0 ||| qw: Allow faded altars: false
     0 | D:1      | 0 ||| qw: Do Orc after D:15 true
     0 | D:1      | 0 ||| qw: Do second Lair branch before Depths: true
     0 | D:1      | 0 ||| qw: Lair rune preference: random
     0 | D:1      | 0 ||| qw: Plans: Normal, Zot:1-4, Slime:5, God:TSO, Crypt,
                  | Tomb, Abyss, Pan, Hells, Win
     0 | D:1      | 0 ||| PLANNING D:1-11
   380 | D:1      | HP: 3/12 [quokka (3)]
   383 | D:1      | Reached XP level 2. HP: 6/17 MP: 2/2
   739 | D:1      | Reached skill level 5 in Ranged Weapons
   739 | D:1      | Reached XP level 3. HP: 17/21 MP: 3/3
   951 | D:1      | 951 ||| UPGRADING to +0 ring mail.
   961 | D:1      | 961 ||| DROPPING +0 leather armour.
   962 | D:1      | 962 ||| UPGRADING to ring of positive energy.
   963 | D:1      | 963 ||| READING scroll labelled GID IP BOTO.
   964 | D:1      | 964 ||| READING scroll labelled KAZXUF RYPPA.
  1065 | D:1      | 1065 ||| DROPPING scroll of butterflies.
  1178 | D:2      | HP: 5/22 [frozen (5)]
  1179 | D:2      | HP: 2/22 [orc/+0 club (3)]
  1179 | D:2      | Slain by an orc wizard

Levels and vault maps discovered:
D:1:      minmay_arrival_widening_spiral_narrow, layout_basic
D:2:      layout_basic, small_statue_intersection, uniq_terence,
          uniq_crazy_yiuf_cottage, uniq_robin

Skill      XL: |  1  2 |
---------------+-------+-----
Ranged Weapons | 5 |  5.0
Fighting       | |  2.4
Armour         | |  0.4
Dodging        | |  1.5
Stealth        | |  1.1

Action                     || total
---------------------------++-------
   Fire: Shortbow          ||    75
    Use: Scroll            ||     2
 Armour: Leather armour    ||     4
         Ring mail         ||     8
  Dodge: Dodged            ||    14

Table legend:
 A = Non-vault XP
 B = Vault XP
 C = Vault XP percentage of total XP
 D = Non-vault monster count
 E = Vault monster count
 F = Vault count percentage of total count
                 A         B        C        D         E       F
            +---------+---------+-------+---------+---------+-------
      Total |      53 |       0 |   0.0 |      23 |       0 |   0.0
            +---------+---------+-------+---------+---------+-------
        D:1 |      48 |       0 |   0.0 |      21 |       0 |   0.0
        D:2 |       5 |       0 |   0.0 |       2 |       0 |   0.0
            +---------+---------+-------+---------+---------+-------
